 Dungeon Crawl Stone Soup version 0.30-a0-540-g0af01429fa (webtiles) character file.

Game seed: 9882955159033008336

11 drugrobin the Sneak (level 2, -2/25 HPs)
             Began as a Demigod Delver on Dec 25, 2022.
             Killed by divine providence
             ... invoked by an orc priest
              (16 damage)
             ... on level 3 of the Dungeon.
             The game lasted 00:04:09 (763 turns).

drugrobin the Sneak (Demigod Delver)                 Turns: 763, Time: 00:04:10

Health: -2/25      AC:  3    Str: 13    XL:     2   Next: 6%
Magic:  4/4        EV: 11    Int: 12    God:
Gold:   3          SH:  0    Dex: 15    Spells: 1/1 levels left

rFire   . . .      SeeInvis .      - Unarmed
rCold   . . .      Faith    .    (no shield)
rNeg    . . .      Spirit   .    a - +0 leather armour
rPois   .          Reflect  .    (no helmet)
rElec   .          Harm     .    (no cloak)
rCorr   .          Rampage  .    (no gloves)
Will    .....                    (no boots)
Stlth   +++                      (no amulet)
HPRegen 0.24/turn                (no ring)
MPRegen 0.09/turn                (no ring)

@: no status effects
A: high MP 1, forlorn, divine attributes
a: no special abilities


You were on level 3 of the Dungeon.
You visited 1 branch of the dungeon, and saw 3 of its levels.

You collected 3 gold pieces.

Inventory:

Armour
 a - a +0 leather armour (worn)
Wands
 f - a wand of digging (3)
Scrolls
 b - a scroll of fog
 c - a scroll of magic mapping
Potions
 d - a potion of heal wounds {unknown}


   Skills:
 - Level 2.6 Fighting
 - Level 1.7 Dodging
 - Level 4.5 Stealth
 + Level 2.6 Unarmed Combat


You had one spell level left.
You didn't know any spells.
Your spell library was empty.

Dungeon Overview and Level Annotations

Branches:
Dungeon (5/15)
 Temple: D:4-7

Shops:
D:4 !:[   D:5 [


Innate Abilities, Weirdness & Mutations

You have an increased reservoir of magic. (+10% MP)
You shall have no god before yourself.
Your divine heritage dramatically boosts your attributes as you level up.


Message History

You hit the orc but do no damage.
The orc is moderately wounded.
The orc hits you but does no damage.
You barely miss the orc.
The orc is moderately wounded.
You barely miss the orc.
The orc is moderately wounded.
The orc hits you with a +0 club.
You hit the orc but do no damage.
The orc is moderately wounded.
The orc closely misses you.
You hit the orc.
The orc is almost dead.
The orc hits you with a +0 club.
Your movement speed is average.
Your attack delay is about 0.9.
Your damage rating with unarmed combat is about 5 (Base [3 + 2 (UC)] x 107% (Str) x 104% (Fight)).
Unknown command.
Unknown command.
You completely miss the orc.
The orc is almost dead.
The orc closely misses you.
You hit the orc but do no damage.
The orc is almost dead.
The orc barely misses you.
You hit the orc but do no damage.
The orc is almost dead.
The orc misses you.
The orc priest calls upon Beogh to heal the orc.
The orc's wounds heal themselves!
Unknown command.
You hit the orc but do no damage. The orc hits you with a +0 club.
Unknown command.
You barely miss the orc. The orc hits you but does no damage.
Unknown command.
You hit the orc but do no damage. Your punch misses the orc.
The orc barely misses you.
The orc priest calls down the wrath of Beogh upon you.
Beogh smites you!
Ouch! That really hurt!
You die...

#.###.### #. .. #......#
#. #.##.###)#.# #. #.##.
#.#.####. #... #........
#..# ###.##### #..# #†#
#( #########?.###
#.####. .......@oo...#
##.##...
#########..#.####...#.#.
#######.....##..).....
#.o...)......#........
#.######..........#...
#..............
##............#
####.....##### #....##


You could see an orc priest and an orc.

Vanquished Creatures
  A giant cockroach (D:3)
  2 hobgoblins
  3 jackals (D:3)
  3 kobolds (D:3)
  A ball python (D:4)
10 creatures vanquished.

Notes
Turn   | Place    | Note
-------+----------+-------------------------------------------
     0 | D:5      | drugrobin the Demigod Delver began the quest for the Orb.
     0 | D:5      | Reached XP level 1. HP: 18/18 MP: 3/3
    66 | D:5      | Found Foifolir's Armour Shoppe.
   123 | D:5      | Noticed a phantom
   165 | D:5      | Noticed a phantom
   249 | D:5      | Noticed an iguana
   253 | D:5      | Noticed a howler monkey
   273 | D:5      | Noticed a hound
   275 | D:5      | Noticed a wyvern
   297 | D:5      | Noticed an iguana
   351 | D:5      | Noticed a water moccasin
   442 | D:4      | Found Cuabbaro's Distillery.
   569 | D:4      | Found Atecino's Book Shoppe.
   574 | D:4      | Found Oskett's Armour Shop.
   576 | D:4      | Noticed a lemure
   722 | D:3      | Reached XP level 2. HP: 23/25 MP: 4/4
   763 | D:3      | Killed from afar by an orc priest

Illustrated notes

Levels and vault maps discovered:
D:3:      layout_loops_ring, nicolae_overflow_crystal_walls
D:4:      minmay_skewed_foursquare, layout_loops_ring, serial_shops, shop_coins,
          shop, nicolae_shop_stone, shop, shop, uniq_pikel
D:5:      layout_basic, serial_shops, nicolae_shop_trees, grunt_ministairs_12

Skill      XL: |  1 |
---------------+----+-----
Unarmed Combat | 2 |  2.6
Fighting       | |  2.6
Dodging        | |  1.7
Stealth        | |  4.5

Action                   || total
-------------------------++-------
Melee: Unarmed           ||    64
       Punch             ||     1
  Use: Potion            ||     2
       Scroll            ||     1
 Stab: Sleeping          ||     1
Armor: Leather armour    ||    16
Dodge: Dodged            ||    32

Table legend: (Time is in decaauts)
 A = Elapsed time spent in this place.
 B = Non-inter-level travel time spent in this place.
 C = Inter-level travel time spent in this place.
 D = Time resting spent in this place.
 E = Time spent auto-exploring this place.
 F = Levels seen in this place.
 G = Mean time per level.
                   A        B        C        D        E       F      G
               +--------+--------+--------+--------+--------+-----+--------+
         Total |    723 |    706 |     17 |      0 |    204 |   3 |  241.0 |
       Dungeon |    723 |    706 |     17 |      0 |    204 |   3 |  241.0 |
               +--------+--------+--------+--------+--------+-----+--------+

Top non-repeatable levels by time:
     D:5: 373 daAuts
     D:4: 186 daAuts
     D:3: 164 daAuts
